 Dungeon Crawl Stone Soup version 0.28-a0-724-g66f9036eb4 (webtiles) character file.

Game seed: 4440130585212498558

671 meatgazer the Skirmisher (level 7, -2/59 HPs)
             Began as a Demonspawn Abyssal Knight on Oct 26, 2021.
             Was a Follower of Lugonu.
             Slain by a yellow draconian (22 damage)
             ... on level 2 of the Abyss.
             The game lasted 00:01:02 (167 turns).

meatgazer the Skirmisher (Demonspawn Abyssal Knight) Turns: 167, Time: 00:01:03

Health: -2/59      AC:  3    Str: 14    XL:     7   Next: 32%
Magic:  10/10      EV: 12    Int: 12    God:    Lugonu [*.....]
Gold:   62         SH:  0    Dex: 14    Spells: 6/6 levels left

rFire   . . .      SeeInvis .   a - +1 falchion
rCold   . . .      Faith    .   (no shield)
rNeg    . . .      Spirit   .   b - +0 leather armour
rPois   .          Reflect  .   (no helmet)
rElec   .          Harm     .   (no cloak)
rCorr   .          Rampage  .   (no gloves)
Will    .....                   (no boots)
Stlth   +.........              (no amulet)
HPRegen 0.00/turn               (no ring)
MPRegen 0.24/turn               (no ring)

@: sick
A: powered by pain 1, magic regeneration, sturdy frame 2
a: Renounce Religion, Depart the Abyss


You were on level 2 of the Abyss.
You worshipped Lugonu.
Lugonu was aware of your devotion.
You visited 0 branches of the dungeon, and saw 0 of its levels.
You visited the Abyss 1 time.

You collected 62 gold pieces.

Inventory:

Hand Weapons
 a - a +1 falchion (weapon)
Armour
 b - a +0 leather armour (worn)
Wands
 d - a wand of acid (3)
Scrolls
 e - a scroll of identify {unknown}


   Skills:
 + Level 6.7 Fighting
 + Level 3.1 Long Blades
 + Level 3.2 Armour
 + Level 1.1 Dodging
 + Level 4.5 Invocations
 + Level 0.1 Evocations


You had 6 spell levels left.
You didn't know any spells.
Your spell library was empty.

Dungeon Overview and Level Annotations

Branches:
Dungeon (0/15)

Altars:


Innate Abilities, Weirdness & Mutations

You sometimes gain a little power by taking damage.
You regenerate magic rapidly.
Your movements are less encumbered by armour. (ER -4)


Message History

Your Long Blades skill increases to level 3!
You have reached level 7!
Your demonic ancestry asserts itself...
Your magic begins to regenerate rapidly.
You closely miss the ufetubus. The ufetubus misses you.
The ufetubus hits you but does no damage.
You hit the ufetubus.
The ufetubus is heavily wounded.
The ufetubus closely misses you. The ufetubus barely misses you.
Your apocalypse crab misses the ufetubus. x2
The ufetubus closely misses you. The ufetubus hits you.
You hit the ufetubus.
The ufetubus is severely wounded.
The ufetubus hits you. The ufetubus barely misses you.
Your apocalypse crab closely misses the ufetubus.
Your apocalypse crab misses the ufetubus.
The ufetubus barely misses you. The ufetubus misses you.
You hit the ufetubus but do no damage.
The ufetubus is severely wounded.
Your apocalypse crab bites the ufetubus!
The ufetubus dies!
You start resting.
A yellow draconian comes into view. It is wielding a +0 dire flail.
A yellow draconian is nearby!
Aiming: Corrosive Bolt
Press: ? - help, Shift-Dir - straight line, f - yellow draconian
Aim: a yellow draconian, wielding a +0 dire flail (71% to hit)
The bolt of acid misses the yellow draconian.
You hit the yellow draconian.
The yellow draconian is lightly wounded.
An ancient zyme comes into view.
The yellow draconian hits you with a +0 dire flail!
You focus on the pain.
You feel your power returning.
Your apocalypse crab bites the yellow draconian!
Your apocalypse crab claws the yellow draconian.
Your apocalypse crab shocks the yellow draconian!
You hit the yellow draconian but do no damage.
The yellow draconian is moderately wounded.
The yellow draconian hits you with a +0 dire flail!!
You die...

# .. # . .. #.#
.. . . .. .# .#
#[. #.### #
..#.#. ## ###.
.x##.#
...###d..###
### .##@t...#
#...##..###....
## #.## ##.#
.#. .. #..
.#### ## .#.. #
. # . ....# ..
..# . .# .##.#
.# ##. . # .
###....# # #


You could see a yellow draconian (ally target), an ancient zyme and a friendly
apocalypse crab (summoned).

Vanquished Creatures
  A small abomination (Abyss:2)
1 creature vanquished.

Vanquished Creatures (collateral kills)
  A smoke demon (Abyss:2)
  An ancient zyme (Abyss:2)
  A small abomination (Abyss:2)
  An ufetubus (Abyss:2)
4 creatures vanquished.

Grand Total: 5 creatures vanquished

Notes
Turn   | Place    | Note
-------+----------+-------------------------------------------
     0 | Abyss:1  | meatgazer the Demonspawn Abyssal Knight began the quest for
                  | the Orb.
     0 | Abyss:1  | Reached XP level 1. HP: 18/18 MP: 2/2
    55 | Abyss:2  | Found a corrupted altar of Lugonu.
   139 | Abyss:2  | Found a corrupted altar of Lugonu.
   144 | Abyss:2  | Noticed a smoke demon
   147 | Abyss:2  | Killed a smoke demon
   148 | Abyss:2  | Reached skill level 5 in Fighting
   148 | Abyss:2  | Reached skill level 1 in Dodging
   148 | Abyss:2  | Gained mutation: Your movements are slightly less
                  | encumbered by armour. (ER -2) [demonic ancestry]
   148 | Abyss:2  | Reached XP level 2. HP: 27/27 MP: 3/5
   148 | Abyss:2  | Gained mutation: Your movements are less encumbered by
                  | armour. (ER -4) [demonic ancestry]
   148 | Abyss:2  | Reached XP level 3. HP: 33/33 MP: 3/6
   148 | Abyss:2  | Gained mutation: You sometimes gain a little power by
                  | taking damage. [demonic ancestry]
   148 | Abyss:2  | Reached XP level 4. HP: 39/39 MP: 3/7
   148 | Abyss:2  | Reached XP level 5. HP: 44/44 MP: 3/8
   148 | Abyss:2  | Reached XP level 6. HP: 51/51 MP: 3/9
   150 | Abyss:2  | Noticed an ancient zyme
   153 | Abyss:2  | Noticed a small abomination
   157 | Abyss:2  | Killed a small abomination
   158 | Abyss:2  | Reached skill level 6 in Fighting
   158 | Abyss:2  | Killed an ancient zyme
   159 | Abyss:2  | Gained mutation: You regenerate magic rapidly. [demonic
                  | ancestry]
   159 | Abyss:2  | Reached XP level 7. HP: 36/59 MP: 4/10
   164 | Abyss:2  | Noticed a yellow draconian
   166 | Abyss:2  | Noticed an ancient zyme
   167 | Abyss:2  | Slain by a yellow draconian

Illustrated notes

Levels and vault maps discovered:
Abyss:2:  base:
Temple

Skill      XL: |  1  2  3  4  5  6 |
---------------+-------------------+-----
Fighting       | 5 6 |  6.7
Long Blades    | 2 3 |  3.1
Armour         | 2 3 |  3.2
Dodging        | 1 |  1.1
Invocations    | 4 |  4.5
Evocations     | |  0.1

Action                   |  1- 3 |  4- 6 |  7- 9 || total
-------------------------+-------+-------+-------++-------
Melee: Falchion          |       |     2 |     6 ||     8
Evoke: Wand              |       |     2 |     1 ||     3
  Use: Scroll            |     1 |       |       ||     1
Armor: Leather armour    |       |     1 |     1 ||     2
Dodge: Dodged            |       |     4 |     7 ||    11

Table legend: (Time is in decaauts)
 A = Elapsed time spent in this place.
 B = Non-inter-level travel time spent in this place.
 C = Inter-level travel time spent in this place.
 D = Time resting spent in this place.
 E = Time spent auto-exploring this place.
 F = Levels seen in this place.
 G = Mean time per level.
                   A        B        C        D        E       F      G
               +--------+--------+--------+--------+--------+-----+--------+
         Total |    168 |    168 |      0 |      2 |    131 |   2 |   84.0 |
         Abyss |    168 |    168 |      0 |      2 |    131 |   2 |   84.0 |
               +--------+--------+--------+--------+--------+-----+--------+

Top non-repeatable levels by time:
 Abyss:2: 115 daAuts
 Abyss:1: 53 daAuts
